 Dungeon Crawl Stone Soup version 0.18-a0-1805-g8ab820f (webtiles) character file.

14138 Slimper123 the Fighter (level 12, -8/133 HPs)
             Began as an Ogre Berserker on Apr 26, 2016.
             Was an Elder of Trog.
             Splashed by a brown ugly thing's acid (10 damage)
             ... on level 11 of the Dungeon.
             The game lasted 06:58:12 (14646 turns).

Slimper123 the Fighter (Ogre Berserker)            Turns: 14646, Time: 06:58:13

Health: -8/133     AC:  9    Str: 29    XL:     12   Next: 13%
Magic:  15/15      EV: 14    Int:  6    God:    Trog [****..]
Gold:   477        SH: 22    Dex:  9    Spells: 0 memorised, 11 levels left

rFire  . . .     SeeInvis .     H - +6 hand axe
rCold  . . .     Gourm    .     n - +0 robe
rNeg   . . .     Faith    .     o - +1 large shield
rPois  +         Spirit   .     (helmet restricted)
rElec  .         Dismiss  .     F - +2 cloak
rCorr  .         Reflect  +     (gloves unavailable)
SustAt .         Harm     .     (boots unavailable)
MR     +++..                    r - +4 amulet of reflection
Stlth  +.........               A - +4 ring of evasion
                                y - +3 ring of protection

@: regenerating, extremely resistant to hostile enchantments, very unstealthy
A: unfitting armour, poison resistance, tough skin 1
a: Berserk, Trog's Hand, Brothers in Arms, Burn Spellbooks, Renounce Religion


You were on level 11 of the Dungeon.
You worshipped Trog.
Trog was greatly pleased with you.
You were not hungry.

You visited 2 branches of the dungeon, and saw 12 of its levels.

You collected 686 gold pieces.
You spent 209 gold pieces at shops.

Inventory:

Hand Weapons
 u - a +0 giant spiked club
 v - a +0 short sword of draining
 z - a +0 shortbow
 E - a +2 rapier of draining
 H - a +6 hand axe (weapon)
 W - a +1 hand axe of chopping
Missiles
 e - 2 javelins
 h - 171 stones
 q - 5 large rocks (quivered)
Armour
 b - a +1 cloak
 n - a +0 robe (worn)
 o - a +1 large shield (worn)
 F - a +2 cloak (worn)
Jewellery
 c - an uncursed amulet of magic regeneration
 d - a cursed +2 ring of dexterity {unknown}
 j - a +3 ring of evasion
 r - a +4 amulet of reflection (around neck)
 y - a +3 ring of protection (left hand)
 A - a +4 ring of evasion (right hand)
 L - an uncursed ring of protection from cold
 Z - an uncursed ring of magical power {unknown}
Wands
 m - a wand of random effects (26/48)
 t - a wand of paralysis (21/24)
 K - a wand of confusion (19/48)
 S - a wand of paralysis (8/24)
 T - a wand of hasting (6/9)
 Y - a wand of flame (23/48)
Scrolls
 p - 5 scrolls of enchant weapon
 s - 2 scrolls of enchant armour
 x - a scroll of remove curse
 R - 2 scrolls of teleportation
 X - 2 scrolls of magic mapping
Potions
 f - a potion of cure mutation
 g - a potion of haste
 i - a potion of mutation {unknown}
 k - a potion of cancellation
 l - 2 potions of flight
 w - a potion of magic {unknown}
 B - 4 potions of curing
 C - a potion of resistance
 D - 2 potions of brilliance
 G - a potion of might
 J - 4 potions of degeneration
 M - 2 potions of lignification
 P - a potion of invisibility
Books
 a - the Handbook of Damaging Shape Shifting
   (You found it on level 9 of the Dungeon)

   Spells                             Type                      Level
   a - Passwall                       Transmutation/Earth          2
   b - Mephitic Cloud                 Conjuration/Poison/Air       3
   c - Lightning Bolt                 Conjuration/Air              5
   d - Yara's Violent Unravelling     Hexes/Transmutation          5
   Trog disapproves of the use of such an item.
 N - a book of Conjurations

   Spells                             Type                      Level
   a - Magic Dart                     Conjuration                  1
   b - Searing Ray                    Conjuration                  2
   c - Dazzling Spray                 Conjuration/Hexes            3
   d - Fulminant Prism                Conjuration/Hexes            4
   e - Iskenderun's Mystic Blast      Conjuration                  4
   f - Iskenderun's Battlesphere      Conjuration/Charms           5
   Trog disapproves of the use of such an item.
 U - a book of Geomancy

   Spells                             Type                      Level
   a - Sandblast                      Earth                        1
   b - Passwall                       Transmutation/Earth          2
   c - Stone Arrow                    Conjuration/Earth            3
   d - Petrify                        Transmutation/Earth          4
   e - Lee's Rapid Deconstruction     Earth                        5
   Trog disapproves of the use of such an item.
Miscellaneous
 I - a stone of tremors (inert)
Comestibles
 O - 8 fruits
 Q - a bread ration
 V - 3 chunks of flesh


   Skills:
 + Level 12.7 Fighting
 * Level 8.2 Axes
 - Level 8.0 Dodging
 + Level 8.0 Shields
 + Level 5.0 Evocations


You had 11 spell levels left.
You didn't know any spells.

Dungeon Overview and Level Annotations

Branches:
Dungeon (11/15)            Temple (0/1) D:6            Lair (0/8) D:10
    Orc (1/2) D:11

Altars:
Fedhas
Gozag
Kikubaaqudgha
Pakellas
Sif Muna
Zin

Shops:
D:6 !

Annotations:
D:11 varam's ghost, journeyman CeFi


Innate Abilities, Weirdness & Mutations

You are too large for most types of armour.
You have tough skin (AC +1).
Your system is resistant to poisons.


Message History

The hill giant is heavily wounded.
You miss something. Something hits you but does no damage.
You block the hill giant's attack.
Your skin crawls.
You feel resistant to hostile enchantments.
You feel slightly more hungry. You block something's attack.
You block the hill giant's attack.
You slash the hill giant!
The hill giant is heavily wounded.
Your shield prevents you from hitting the brown ugly thing.
You block something's attack. x2
The brown ugly thing tail-slaps you but does no damage.
The hill giant hits you with a giant club!!
* * * LOW HITPOINT WARNING * * *
Something hits you!
* * * LOW HITPOINT WARNING * * *
You block something's attack. The brown ugly thing tail-slaps you.
* * * LOW HITPOINT WARNING * * *
You are splashed with acid!
The acid burns!
You die...

..........รท################
...........# ..........>#
...........# ...........#
...........# >.......(..#
........Cu.################
..........@)...............
...........................
.....=.........############
##############.# #.# #.# #.#
#.# #.#


You could see a brown ugly thing and a hill giant.

Vanquished Creatures
  Pikel (D:6)
  3 hill giants (D:11)
  A cyclops (D:11)
  Joseph (D:8)
  Maurice (D:8)
  A troll (D:9)
  A two-headed ogre (D:9)
  Grum (D:8)
  A hill giant zombie (D:11)
  17 yaks (D:10)
  A wraith (D:10)
  A wyvern (D:9)
  A hungry ghost (D:11)
  A mottled dragon (D:11)
  A water moccasin (D:10)
  4 ice beasts
  5 orc warriors
  Duvessa (D:4)
  A slave (D:6)
  A black bear (D:9)
  3 sky beasts
  An eye of draining (D:11)
  4 wolves (D:8)
  3 phantoms
  A centaur (D:6)
  5 ogres
  A crocodile (D:10)
  2 big kobolds
  The ghost of Friendofdean the Caller, an amateur TeSu (D:4)
  6 giant frogs
  Dowan (D:4)
  A wyvern skeleton (D:6)
  4 scorpions
  14 wights
  6 killer bees (D:10)
  A troll zombie (D:11)
  An electric eel (D:10)
  A giant frog zombie (D:6)
  A crimson imp (D:5)
  7 orc priests
  2 centaur zombies
  4 jellies
  7 hounds
  17 orc wizards
  2 giant frog skeletons
  An iguana (D:9)
  Ijyb (D:2)
  6 worker ants
  4 sheep (D:11)
  6 ogre zombies (D:11)
  5 gnolls (D:2)
  10 adders
  A shadow imp (D:6)
  3 oozes
  2 adder zombies
  3 worms
  8 giant geckos
  35 orcs
  13 bats
  8 giant cockroaches
  17 goblins
  8 hobgoblins
  11 jackals
  8 quokkas
  A ball python (D:4)
  A giant gecko skeleton (D:4)
  A giant newt (D:5)
  4 goblin skeletons (D:11)
  3 goblin zombies (D:11)
  4 hobgoblin zombies (D:11)
  A jackal skeleton (D:4)
  17 kobolds
  4 orc skeletons (D:11)
  8 orc zombies (D:11)
  9 rats
  8 fungi (D:10)
  3 plants (D:10)
355 creatures vanquished.

Vanquished Creatures (collateral kills)
  The ghost of George the Fencer, a journeyman MiFi of Makhleb (D:10)
1 creature vanquished.

Vanquished Creatures (others)
  A cyclops (D:11)
  An orc warrior (D:11)
  A centaur (D:10)
  15 fungi (D:10)
  4 plants (D:10)
22 creatures vanquished.

Grand Total: 378 creatures vanquished

Notes
Turn   | Place    | Note
--------------------------------------------------------------
     0 | D:1      | Slimper123 the Ogre Berserker began the quest for the Orb.
     0 | D:1      | Reached XP level 1. HP: 24/24 MP: 1/1
   286 | D:1      | Reached XP level 2. HP: 30/33 MP: 2/2
   727 | D:1      | Reached XP level 3. HP: 31/40 MP: 3/3
   843 | D:2      | Reached ** piety under Trog
  1308 | D:2      | Reached skill level 5 in Fighting
  1329 | D:2      | Found a glowing silver altar of Zin.
  1506 | D:2      | Reached XP level 4. HP: 50/50 MP: 4/4
  2102 | D:2      | Reached XP level 5. HP: 35/57 MP: 5/5
  2254 | D:2      | Noticed Ijyb
  2279 | D:2      | Killed Ijyb
  2903 | D:3      | Reached *** piety under Trog
  3000 | D:3      | Found an oddly glowing altar of Pakellas.
  3027 | D:3      | Reached skill level 6 in Fighting
  3039 | D:3      | Reached XP level 6. HP: 20/67 MP: 6/6
  3603 | D:4      | Noticed Duvessa
  3620 | D:4      | Reached skill level 1 in Shields
  3627 | D:4      | Killed Duvessa
  3627 | D:4      | Reached XP level 7. HP: 24/76 MP: 7/7
  3887 | D:4      | Noticed Friendofdean's ghost (amateur TeSu)
  3905 | D:4      | Killed Friendofdean's ghost
  3905 | D:4      | Reached skill level 7 in Fighting
  3921 | D:4      | Noticed Dowan
  3936 | D:4      | Killed Dowan
  4003 | D:4      | Reached **** piety under Trog
  4458 | D:5      | Entered Level 5 of the Dungeon
  4611 | D:5      | Reached skill level 5 in Dodging
  4611 | D:5      | Reached XP level 8. HP: 75/87 MP: 8/8
  4931 | D:5      | Reached skill level 8 in Fighting
  5266 | D:5      | Found an opulent altar of Gozag.
  5701 | D:6      | Found Mizuereh's Distillery.
  5710 | D:6      | Bought a potion of invisibility for 88 gold pieces
  5710 | D:6      | Bought a potion of lignification for 33 gold pieces
  5710 | D:6      | Bought a potion of curing for 33 gold pieces
  5710 | D:6      | Bought a potion of curing for 33 gold pieces
  5710 | D:6      | Bought a potion of degeneration for 11 gold pieces
  5710 | D:6      | Bought a potion of degeneration for 11 gold pieces
  6042 | D:6      | Reached XP level 9. HP: 35/97 MP: 9/9
  6330 | D:6      | Reached skill level 9 in Fighting
  6349 | D:6      | Found a staircase to the Ecumenical Temple.
  6585 | D:6      | Reached skill level 5 in Axes
  7205 | D:6      | HP: 1/150 [orc warrior/trident (14)]
  7564 | D:7      | Noticed Pikel
  7624 | D:6      | Killed Pikel
  7624 | D:6      | Reached skill level 10 in Fighting
  7624 | D:6      | Reached skill level 5 in Shields
  7968 | D:7      | Reached skill level 1 in Evocations
  8316 | D:8      | Reached XP level 10. HP: 110/110 MP: 10/10
  8441 | D:8      | Gained mutation: Your system is resistant to poisons. [mutagenic meat]
  8489 | D:8      | Found a deep blue altar of Sif Muna.
  8490 | D:8      | Found an ancient bone altar of Kikubaaqudgha.
  8529 | D:8      | Noticed Joseph
  8549 | D:8      | Killed Joseph
  8749 | D:8      | Found a blossoming altar of Fedhas.
  8886 | D:8      | Noticed Grum
  8920 | D:8      | Killed Grum
  8999 | D:8      | Noticed Maurice
  9222 | D:8      | Killed Maurice
  9471 | D:9      | Identified the Handbook of Damaging Shape Shifting (You found it on level 9 of the Dungeon)
  9757 | D:9      | Reached skill level 11 in Fighting
 10242 | D:9      | Reached ***** piety under Trog
 10765 | D:10     | Entered Level 10 of the Dungeon
 10768 | D:10     | Noticed George's ghost (journeyman MiFi)
 11022 | D:10     | Found a staircase to the Lair.
 11094 | D:10     | Received a gift from Trog
 11094 | D:10     | Reached XP level 11. HP: 120/120 MP: 13/13
 12697 | D:10     | Killed George's ghost
 13009 | D:11     | Noticed a hill giant
 13051 | D:11     | Killed a hill giant
 13051 | D:11     | Reached skill level 12 in Fighting
 13163 | D:11     | Noticed a hill giant
 13185 | D:11     | Killed a hill giant
 13198 | D:11     | Found a staircase to the Orcish Mines.
 13207 | D:11     | Noticed varam's ghost (journeyman CeFi)
 13210 | Orc:1    | Entered Level 1 of the Orcish Mines
 13210 | Orc:1    | Noticed an orc knight
 14355 | D:11     | Noticed a hill giant
 14379 | D:11     | Noticed a cyclops
 14410 | D:11     | Killed a cyclops
 14410 | D:11     | Reached XP level 12. HP: 126/133 MP: 15/15
 14625 | D:11     | Reached skill level 5 in Evocations
 14644 | D:11     | HP: 1/133 [something (9)]
 14646 | D:11     | Splashed by a brown ugly thing's acid

Vault maps used:
D:1:      dpeg_chamrin_arrival_tetris, grunt_decor_mini_mirrors
D:2:      kennysheep_the_goblin_king, zin_statuary
D:3:      nicolae_overflow_crystal_walls, minmay_overflow_temple_star_quad
D:4:      uniq_duvessa
D:5:      lemuel_coloured_pillars_altar, first_bread
D:6:      temple_fountains, serial_shops, shop, solitary_fountain
D:7:      serial_bayou_crossing, uniq_pikel
D:8:      minitemple, hangedman_tree_tricks, hangedman_decor_peaks_small,
          uniq_joseph, uniq_grum, uniq_maurice
D:10:     due_lair_maze_entry_diamond, serial_bayou_lagoon_a
D:11:     zombieorc2_lemuel, hangedman_abyss_or_decor_slice,
          minmay_misc_feat_iff
Orc:1:    mines1_david

Skill      XL: |  1  2  3  4  5  6  7  8  9 10 11 12 |
---------------+-------------------------------------+-----
Dodging        | 3 4 5 6 7 8 |  8.0
Fighting       | 5 6 7 8 10 11 12 | 12.7
Axes           | 3 4 5 6 7 8 |  8.2
Shields        | 1 2 4 5 6 7 8 |  8.0
Evocations     | 1 3 4 5 |  5.0

Action                   |  1- 3 |  4- 6 |  7- 9 | 10-12 || total
-------------------------+-------+-------+-------+-------++-------
Melee: Hand axe          |   108 |   231 |   519 |  1030 ||  1888
Invok: Berserk           |       |       |     3 |     6 ||     9
       Trog's Hand       |       |       |     1 |    10 ||    11
Evoke: Stone of tremors  |       |       |       |     1 ||     1
  Use: Scroll            |     4 |     2 |     6 |    11 ||    23
       Potion            |       |     1 |     2 |     4 ||     7
 Stab: Sleeping          |       |       |     1 |       ||     1
       Invisible         |       |       |     1 |       ||     1
  Eat: Chunk             |     1 |     1 |     3 |     7 ||    12
       Royal jelly       |     1 |       |       |       ||     1
       Meat ration       |       |     1 |     1 |       ||     2
       Bread ration      |       |       |     2 |     3 ||     5
       Beef jerky        |       |       |     2 |     2 ||     4
       Fruit             |       |       |       |    10 ||    10
       Pizza             |       |       |       |     1 ||     1
Armor: Robe              |    33 |    31 |    92 |   120 ||   276
       Animal skin       |     1 |       |       |       ||     1
Dodge: Dodged            |    46 |    37 |   134 |   240 ||   457
Block: Large shield      |    20 |   152 |   524 |   928 ||  1624
       Reflection        |       |     3 |     4 |    18 ||    25
